 Dungeon Crawl Stone Soup version 0.28-a0-46-g7b1be97da7 (webtiles) character file.

Game seed: 14819037500644413084

56 PostStallone the Skirmisher (level 3, -2/34 HPs)
             Began as a Minotaur Berserker on July 29, 2021.
             Was a Believer of Trog.
             Killed from afar by Natasha (6 damage)
             ... with a magic dart
             ... on level 2 of the Dungeon.
             The game lasted 00:12:22 (2105 turns).

PostStallone the Skirmisher (Minotaur Berserker)    Turns: 2105, Time: 00:12:22

Health: -2/34      AC:  2    Str: 22    XL:     3   Next: 71%
Magic:  2/2        EV: 12    Int:  4    God:    Trog [**....]
Gold:   75         SH:  0    Dex:  9    Spells: 2/2 levels left

rFire   . . .      SeeInvis .   a - +0 hand axe
rCold   . . .      Faith    .   (no shield)
rNeg    . . .      Spirit   .   b - +0 animal skin
rPois   .          Reflect  .   (helmet restricted)
rElec   .          Harm     .   (no cloak)
rCorr   .          Rampage  .   (no gloves)
Will    .....                   (no boots)
Stlth   +.........              (no amulet)
HPRegen 0.11/turn               (no ring)
MPRegen 0.08/turn               (no ring)

@: no status effects
A: horns 2, retaliatory headbutt
a: Renounce Religion, Berserk, Trog's Hand


You were on level 2 of the Dungeon.
You worshipped Trog.
Trog was pleased with you.
You visited 1 branch of the dungeon, and saw 2 of its levels.

You collected 75 gold pieces.

Inventory:

Hand Weapons
 a - a +0 hand axe (weapon)
Missiles
 c - 80 stones (quivered)
Armour
 b - a +0 animal skin (worn)
Scrolls
 d - 3 scrolls of identify
 e - 2 scrolls of teleportation {unknown}


   Skills:
 + Level 4.6 Fighting
 + Level 4.5 Axes
 * Level 2.9 Armour
 - Level 2.4 Dodging


You had 2 spell levels left.
You didn't know any spells.
Your spell library was empty.

Dungeon Overview and Level Annotations

Branches:
Dungeon (2/15)

Altars:

Annotations:
D:2 Natasha


Innate Abilities, Weirdness & Mutations

You have a pair of horns on your head.
You reflexively headbutt those who attack you in melee.


Message History

You start resting.
Natasha is nearby!
You hit Natasha.
Natasha is lightly wounded.
Natasha claws you.
You closely miss Natasha. Your headbutt misses Natasha.
Natasha is lightly wounded.
Natasha casts a spell.
Natasha casts a spell at you. The magic dart hits you.
You barely miss Natasha.
Natasha is lightly wounded.
You miss the crimson imp. The crimson imp hits you.
Natasha mumbles some strange words.
The crimson imp hits you.
Natasha stares at you and mumbles some strange words.
The magic dart hits you.
* * * LOW HITPOINT WARNING * * *
The crimson imp blinks!
Found a scroll labelled FOBESH FEMIOHI.
The crimson imp lashes its tail.
Natasha casts a spell.
The crimson imp blinks!
You are too injured to fight recklessly!
You are too injured to fight recklessly!
You are too injured to fight recklessly!
Natasha howls an incantation.
You feel disoriented.
The crimson imp blinks!
A goblin comes into view. It is wielding a +0 club.
The goblin shouts!
You hear a shout!
Natasha casts a spell at you. The magic dart hits you!
* * * LOW HITPOINT WARNING * * *
The goblin barely misses you.
You are too injured to fight recklessly!
You are too injured to fight recklessly!
You closely miss the goblin. The goblin closely misses you.
Natasha casts a spell at you. The magic dart hits you.
You die...

# # .#.
#.# #.#
#g# #@#
.... #.#
.... #.#
.....
#h# ....
#.# ...
#5#
#.##.###
##5#
#......#
#5.# #
####.#h#
#.##


You could see Natasha, 2 crimson imps, a white imp (summoned) and a goblin.

Vanquished Creatures
  2 adders (D:2)
  A dart slug (D:1)
  4 ball pythons
  A bat (D:1)
  2 endoplasms
  2 giant cockroaches (D:1)
  4 goblins
  3 hobgoblins
  4 jackals (D:1)
  4 kobolds (D:1)
  A quokka (D:2)
  2 frilled lizards
  4 rats
34 creatures vanquished.

Notes
Turn   | Place    | Note
-------+----------+-------------------------------------------
     0 | D:1      | PostStallone the Minotaur Berserker began the quest for the
                  | Orb.
     0 | D:1      | Reached XP level 1. HP: 19/19 MP: 0/0
   419 | D:1      | Reached XP level 2. HP: 27/27 MP: 1/1
  1202 | D:1      | Reached XP level 3. HP: 34/34 MP: 2/2
  1666 | D:2      | Reached ** piety under Trog
  2082 | D:2      | Noticed Natasha
  2105 | D:2      | Killed from afar by Natasha

Illustrated notes

Levels and vault maps discovered:
D:1:      dpeg_arrival_signposts, layout_basic
D:2:      layout_loops_cross, uniq_natasha

Skill      XL: |  1  2 |
---------------+-------+-----
Axes           | 4 |  4.5
Fighting       | 4 |  4.6
Armour         | |  2.9
Dodging        | |  2.4

Action                   || total
-------------------------++-------
Melee: Hand axe          ||    84
       Headbutt          ||    16
  Use: Scroll            ||     1
 Stab: Sleeping          ||     1
Armor: Animal skin       ||    13
Dodge: Dodged            ||    52

Table legend: (Time is in decaauts)
 A = Elapsed time spent in this place.
 B = Non-inter-level travel time spent in this place.
 C = Inter-level travel time spent in this place.
 D = Time resting spent in this place.
 E = Time spent auto-exploring this place.
 F = Levels seen in this place.
 G = Mean time per level.
                   A        B        C        D        E       F      G
               +--------+--------+--------+--------+--------+-----+--------+
         Total |   2112 |   2067 |     45 |    662 |    756 |   2 | 1056.0 |
       Dungeon |   2112 |   2067 |     45 |    662 |    756 |   2 | 1056.0 |
               +--------+--------+--------+--------+--------+-----+--------+

Top non-repeatable levels by time:
     D:1: 1427 daAuts
     D:2: 685 daAuts
